[Event "Early-Titled-Tuesday-Blitz-April-02-2024"]
[Site "Chess.com"]
[Date "2024.04.02"]
[Round "9"]
[White "MaestroCheck"]
[Black "KacperKacprzak"]
[Result "1/2-1/2"]
[WhiteElo "2560"]
[BlackElo "2715"]
[TimeControl "180+1"]
[EndTime "9:46:18 PDT"]
[Termination "Game drawn by repetition"]

1. e4 c5 2. Nc3 e6 3. d4 cxd4 4. Qxd4 Nc6 5. Qe3 Bb4 6. a3 Ba5 7. Nf3 Nf6 8. Bd2 O-O 9. e5 Bxc3 10. Bxc3 Nd5 11. Qd2 Nxc3 12. Qxc3 d6 13. exd6 Qxd6 14. Bb5 Bd7 15. O-O a6 16. Rad1 Qe7 17. Bd3 h6 18.
Qe1 Rfd8 19. Qe4 g6 20. Rfe1 Qf6 21. c3 Be8 22. Bc4 Rac8 23. h3 Kg7 24. Bf1 Rxd1 25. Rxd1 Rd8 26. Qc2 g5 27. Bd3 Ne5 28. Be4 Nc6 29.
Kf1 Qe7 30. Rxd8 Qxd8 31. g4 Qd6 32. Qd2 Qe7 33. Nd4 Ne5 34. Nf3 Nc6 35. Nd4 Qc5 36.
Nxc6 Bxc6 37. Bxc6 Qxc6 38. Qd4+ Kg8 39. Qd8+ Kh7 40. Qd3+ Kg7 41. Qd4+ f6 42. Kg1 e5 43. Qd8 Qe6 44. Qc7+ Qf7 45. Qd6 h5 46. Kg2 hxg4 47.
hxg4 Qc4 48. Qe7+ Kg6 49. Qe8+ Qf7 50. Qd8 Qe6 51. Qd3+ e4 52. Qh3 Kg7 53. Qg3 Qb6 54. b4 Qc6 55. Qe3 Qd5 56. Kg3 b5 57. Qa7+ Kg6 58.
Qe3 Qe5+ 59. Kh3 Qe6 60. Kg3 Qd6+ 61. Kg2 Qc6 62. Kh3 f5 63. gxf5+ Kxf5 64. Qd4 Kg6 65. Kg3 Qc7+ 66. Kg2 Qf4 67. c4 bxc4 68. Qxc4 Qf3+ 69.
Kg1 Kh5 70. Qxa6 Qg4+ 71. Kf1 Qd1+ 72. Kg2 Qg4+ 73. Kf1 Qd1+ 74. Kg2 Qf3+ 75. Kg1 Qd1+ 76. Kg2 1/2-1/2

[Event "Early-Titled-Tuesday-Blitz-April-02-2024"]
[Site "Chess.com"]
[Date "2024.04.02"]
[Round "9"]
[White "santosalberto1987"]
[Black "VeraVujovic"]
[Result "1-0"]
[WhiteElo "2493"]
[BlackElo "2242"]
[TimeControl "180+1"]
[EndTime "9:46:18 PDT"]
[Termination "santosalberto1987 won on time"]

1. e4 c5 2. Nf3 d6 3. Bb5+ Bd7 4.
c4 Bxb5 5. cxb5 Qd7 6. Nc3 Nf6 7. O-O e5 8. d3 a6 9. Bg5 Be7 10. Bxf6 Bxf6 11. Nd5 Bd8 12. a4 axb5 13. axb5 Rxa1 14.
Qxa1 Qxb5 15. Qa8 Na6 16. Nd2 Qxd3 17. Qxb7 O-O 18. Nb1 Bg5 19. Nbc3 h5 20. Ra1 Nb4 21. Nxb4 cxb4 22. Qxb4 Bd2 23. Qb5 Qxb5 24. Nxb5 Rb8 25. Nxd6 Rxb2 26. g3 Rb8 27. Ra7 f6 28. Nf5 g5 29.
Rg7+ Kf8 30. Rh7 Rb1+ 31. Kg2 h4 32. gxh4 gxh4 33. Rxh4 Bg5 34. Rg4 Re1 35. h4 Bf4 36.
Kf3 Rh1 37. Kg2 Rh2+ 38. Kg1 Rh3 39. Kf1 Rh1+ 40. Ke2 Kf7 41. Rg7+ Kf8 42. Ra7 Kg8 43. Kf3 Rh3+ 44. Kg4 Rh2 45. Kh5 Rxf2 46. Kg6 Rg2+ 47. Kxf6 Bh2 48. h5 Bf4 49. h6 Rh2 50. Kg6 Rg2+ 51. Kf6 Rh2 52. Rg7+ Kf8 53. Rg1 Bxh6 54. Kxe5 Bd2 55. Ke6 Bc3 56. Rc1 Rh3 57. Rb1 Ba5 58.
Rb8+ 1-0

[Event "Early-Titled-Tuesday-Blitz-April-02-2024"]
[Site "Chess.com"]
[Date "2024.04.02"]
[Round "9"]
[White "MetiForce"]
[Black "Revan_2002"]
[Result "0-1"]
[WhiteElo "2882"]
[BlackElo "2746"]
[TimeControl "180+1"]
[EndTime "9:46:20 PDT"]
[Termination "Revan_2002 won by resignation"]

1. c4 g6 2. Nf3 Bg7 3. d4 d6 4. Nc3 Nc6 5. d5 Nb8 6. g3 Nf6 7. Bg2 O-O 8. O-O e6 9. h3 Re8 10. Re1 exd5 11. cxd5 a5 12. e4 Na6 13. Nd4 Nc5 14.
Bf4 a4 15. Qd2 Nfd7 16. Rad1 Ne5 17. Qc2 Bd7 18. Bc1 h5 19. f4 Nc4 20. Ncb5 Nb6 21.
e5 Ra5 22. Na3 dxe5 23. Bd2 Ra8 24. Ndb5 Na6 25. d6 c6 26. Nc3 Nb4 27. Qe4 N6d5 28. Nxd5 Nxd5 29. Qd3 Qb6+ 30. Kh2 Bf5 31. Qf1 e4 32. Nc4 Qa6 33. a3 b5 34. Ne3 Nxe3 35. Rxe3 Rad8 36. Bb4 Qb6 37. Qe2 c5 38. Bc3 Bd4 39.
g4 hxg4 40. hxg4 Be6 41. f5 Bc4 42. Qe1 Qxd6+ 43. Rg3 Qf4 44. Bxd4 cxd4 45. fxg6 fxg6 46. Qb4 e3 47. Qc5 e2 48. Re1 d3 49. Qc6 Re6 50. Qc7 Qxc7 0-1

[Event "Early-Titled-Tuesday-Blitz-April-02-2024"]
[Site "Chess.com"]
[Date "2024.04.02"]
[Round "9"]
[White "ActorXu"]
[Black "Sanan_Sjugirov"]
[Result "1-0"]
[WhiteElo "2860"]
[BlackElo "2974"]
[TimeControl "180+1"]
[EndTime "9:46:21 PDT"]
[Termination "ActorXu won on time"]

1. e4 c5 2. Nf3 d6 3. d4 cxd4 4. Nxd4 Nf6 5. Nc3 a6 6. Be3 e5 7.
Nb3 Be7 8. Qd2 Ng4 9. Nd5 Nxe3 10.
Qxe3 Be6 11. Nxe7 Qxe7 12. Be2 Nd7 13. O-O Nf6 14. c4 O-O 15. Nd2 a5 16. Nb1 Qc7 17. b3 Qc5 18. Qxc5 dxc5 19. Nc3 Rfd8 20. Rfd1 b6 21. f3 Kf8 22. Kf2 Ke7 23. Rxd8 Rxd8 24. Rd1 Rb8 25. Ke3 Nd7 26. g3 f6 27. f4 h6 28. Nb5 Nf8 29. Nc3 exf4+ 30. gxf4 g5 31.
Bh5 Nd7 32. h4 gxf4+ 33. Kxf4 Rg8 34. Nb5 Ne5 35. Rd6 Bg4 36. Bxg4 Rxg4+ 37. Kf5 Rg2 38. Re6+ Kd7 39. Rxf6 Ng4 40. Rxb6 h5 41. Rb7+ Kc6 42. Rc7+ Kb6 43. Re7 Rxa2 44. e5 Rf2+ 45. Kg5 Ne3 46. Kxh5 a4 47. bxa4 Nxc4 48. e6 Ne5 49. Re8 Kc6 50.
Rc8+ Kd5 51. e7 Rf5+ 52. Kh6 Rf6+ 53. Kh5 Rf5+ 54. Kh6 Rf6+ 55. Kg5 1-0

[Event "Early-Titled-Tuesday-Blitz-April-02-2024"]
[Site "Chess.com"]
[Date "2024.04.02"]
[Round "9"]
[White "David_ATM"]
[Black "vangulio"]
[Result "1/2-1/2"]
[WhiteElo "2432"]
[BlackElo "2559"]
[TimeControl "180+1"]
[EndTime "9:46:22 PDT"]
[Termination "Game drawn - insufficient material"]

1. e4 c5 2. c3 Nf6 3. e5 Nd5 4.
d4 cxd4 5. Nf3 d6 6. cxd4 Nc6 7.
Bc4 Nb6 8. Bb5 dxe5 9. Nxe5 Bd7 10. Nxd7 Qxd7 11. Nc3 e6 12. O-O Be7 13. Qg4 O-O 14. Bxc6 bxc6 15. Bh6 Bf6 16. Rfd1 Nd5 17. Ne4 Qe7 18. Rac1 Rfc8 19. Bf4 h5 20. Qf3 g6 21.
Nxf6+ Qxf6 22. Be5 Qxf3 23. gxf3 f6 24. Bd6 Kf7 25. Rc2 Ke8 26. Bc5 Kd7 27. b3 a5 28.
a3 Rab8 29. Rb1 Rb5 30. b4 axb4 31. axb4 Ra8 32. Rcc1 Nf4 33. Kf1 Nd3 34. Rd1 Ra3 35. Ra1 Rxa1 36. Rxa1 Nxc5 37. bxc5 Rb4 38. Ra7+ Ke8 39.
Ra8+ Kf7 40. Ra7+ Ke8 41. Ra8+ Kd7 42. Ra7+ Kd8 43. Ra8+ Kc7 44. Rf8 f5 45. Rf7+ Kd8 46. Rg7 Rxd4 47. Rxg6 Ke7 48. Rg7+ Kf6 49. Rc7 Rh4 50.
Kg2 Rc4 51. Rxc6 Ke5 52. Kg3 Kd5 53. Rd6+ Ke5 54. f4+ Kf6 55. Rc6 Rc3+ 56. f3 h4+ 57.
Kxh4 Rxf3 58. Kh5 Rxf4 59. h4 Rg4 60. Rc8 Rc4 61. Rf8+ Ke5 62. Rc8 Kd5 63. Kg5 Rg4+ 64.
Kf6 f4 65. Rd8+ Kxc5 66. Kxe6 Rxh4 67. Ke5 f3 68. Rc8+ Kb4 69. Rf8 Rh3 70. Ke4 Kc4 71. Rxf3 Rxf3 72. Kxf3 1/2-1/2

[Event "Early-Titled-Tuesday-Blitz-April-02-2024"]
[Site "Chess.com"]
[Date "2024.04.02"]
[Round "9"]
[White "enriquebutti"]
[Black "Shiner22"]
[Result "0-1"]
[WhiteElo "2191"]
[BlackElo "2318"]
[TimeControl "180+1"]
[EndTime "9:46:22 PDT"]
[Termination "Shiner22 won by resignation"]

1. d4 Nf6 2. c4 e6 3. Nf3 b6 4.
e3 Bb7 5. Bd3 Ne4 6. O-O f5 7. Nc3 Nxc3 8. bxc3 Be7 9. c5 O-O 10.
cxb6 axb6 11. c4 Bf6 12. Bb2 d6 13. Qc2 Nd7 14. d5 Bxb2 15. Qxb2 Nc5 16. Bc2 e5 17.
Nd2 g5 18. f4 gxf4 19. exf4 e4 20. Nb3 Na4 21. Qd4 Qf6 22. g4 Nc3 23. Qxf6 Rxf6 24. gxf5 Rxf5 25. Rae1 Rxa2 26. Bxe4 Rh5 27. Bg2 Kf7 28. Nd4 Bc8 29. f5 Rd2 30. Ne6 Ne2+ 31. Rxe2 Rxe2 32. Bf3 Rexh2 33. Bxh5+ Rxh5 34. Nxc7 Rxf5 35. Rb1 Rg5+ 36. Kf2 h5 37. Rxb6 Ke7 38. Nb5 h4 39. Rxd6 h3 40. Rh6 Bg4 41. d6+ Kd7 42. Rh7+ Kc6 43. Rc7+ Kb6 44. Rh7 Kc5 45. Ke3 Kxc4 46.
Nc7 Rg8 47. Kf4 Kc5 48. Ke5 Kc6 49. Ne6 Re8 50. Re7 Rxe7 51. dxe7 Kd7 52. Ng5 h2 53. Kf6 h1=Q 0-1

[Event "Early-Titled-Tuesday-Blitz-April-02-2024"]
[Site "Chess.com"]
[Date "2024.04.02"]
[Round "9"]
[White "Kate1606"]
[Black "Maurijs"]
[Result "1-0"]
[WhiteElo "2139"]
[BlackElo "2273"]
[TimeControl "180+1"]
[EndTime "9:46:24 PDT"]
[Termination "Kate1606 won on time"]

1. e4 c5 2. Nc3 d6 3. f4 Nf6 4. Nf3 g6 5. Bb5+ Bd7 6. O-O Bg7 7.
d3 O-O 8. Qe1 Bxb5 9. Nxb5 Qd7 10.
Nc3 Nc6 11. h3 Rac8 12. Be3 b6 13. Qf2 d5 14. exd5 Nxd5 15. Nxd5 Qxd5 16. c3 Qxd3 17.
Rad1 Qc4 18. a3 Rcd8 19. Rfe1 Qb3 20. Rb1 Na5 21. Nd2 Qc2 22. Rec1 Qd3 23. Rd1 Nc4 24. Nxc4 Qxc4 25. Qf3 Qb3 26. Kf2 Qc2+ 27. Qe2 Qb3 28. Rd3 Rxd3 29. Qxd3 c4 30. Qd2 Qb5 31. Rd1 Bf6 32. Kg1 a5 33. Qe2 Rc8 34. Rd2 Qc6 35.
Qd1 Kg7 36. Kh2 b5 37. Bd4 Bxd4 38. Rxd4 b4 39. axb4 axb4 40. cxb4 Qb5 41. Qd2 Rb8 42. Qc3 Kg8 43. Rxc4 Qf5 44. Rc7 Qe6 45. Rc4 h5 46. Kg1 Qf5 47. Qc1 Rd8 48. Qc3 Qd5 49. Kh2 Qd6 50. Rc8 Qxf4+ 51. Kg1 Rxc8 52. Qxc8+ Kg7 53. Qc3+ f6 54. b5 Qb8 55. Qc6 Qa7+ 56. b6 1-0

[Event "Early-Titled-Tuesday-Blitz-April-02-2024"]
[Site "Chess.com"]
[Date "2024.04.02"]
[Round "9"]
[White "Mops_2004"]
[Black "Anton_Demchenko"]
[Result "1/2-1/2"]
[WhiteElo "2786"]
[BlackElo "2962"]
[TimeControl "180+1"]
[EndTime "9:46:25 PDT"]
[Termination "Game drawn by repetition"]

1. g3 Nf6 2. Bg2 g6 3. d4 Bg7 4. e4 d6 5. Nc3 O-O 6. Nf3 Nbd7 7. O-O e5 8. h3 b6 9. a4 a6 10. Be3 Bb7 11. dxe5 dxe5 12. Nd2 Re8 13. Nc4 a5 14. Re1 Ba6 15. Bf1 h5 16. Bg5 Qc8 17. Bxf6 Nxf6 18. Ne3 Bxf1 19. Rxf1 Qxh3 20. Qf3 Qe6 21. Ncd5 Nxd5 22.
Nxd5 Rec8 23. c3 Rab8 24. Rfd1 c6 25. Ne3 Rd8 26. Rxd8+ Rxd8 27. Rd1 Rf8 28. Qe2 Rb8 29. Qc4 Qxc4 30. Nxc4 b5 31. axb5 Rxb5 32. Rd8+ Kh7 33. Rc8 Rc5 34. Nd6 Bh6 35. Nxf7 Bc1 36. Rb8 a4 37. Rb7 Rb5 38. Nd6+ Rxb7 39. Nxb7 Bxb2 40. Nc5 a3 41. Nb3 Bxc3 42. Nc1 a2 43. Nxa2 Bd2 44. Kf1 g5 45. Ke2 Ba5 46. Nc1 Kg6 47. Nb3 Bc7 48.
Nd2 Bd6 49. Nc4 Bc7 50. Kf3 Kf6 51. Ke2 h4 52. Kf3 h3 53. g4 h2 54. Kg2 Ke6 55. Kxh2 c5 56. Kg2 Kd7 57. Kf3 Kc6 58. Ke2 Kb5 59.
Kd3 Kb4 60. f3 Kb3 61. Nd2+ Kb4 62. Nc4 Bb8 63. Ne3 Kb3 64. Nc4 Bc7 65. Nd2+ Kb4 66.
Nc4 1/2-1/2

[Event "Early-Titled-Tuesday-Blitz-April-02-2024"]
[Site "Chess.com"]
[Date "2024.04.02"]
[Round "9"]
[White "KarolKacprzak"]
[Black "ViIIagra"]
[Result "0-1"]
[WhiteElo "2740"]
[BlackElo "2902"]
[TimeControl "180+1"]
[EndTime "9:46:25 PDT"]
[Termination "ViIIagra won on time"]

1. e4 c6 2. d4 d6 3. Nc3 Nf6 4. f4 g6 5. Nf3 Bg7 6. Bd3 Bg4 7. Be3 O-O 8. h3 Bxf3 9. Qxf3 e5 10.
O-O-O Nh5 11. dxe5 dxe5 12. f5 Qh4 13. Ne2 Nd7 14.
g3 Qe7 15. Kb1 Nc5 16. Bc4 b5 17. Bb3 Nf6 18. Bxc5 Qxc5 19. g4 a5 20. g5 Nxe4 21. Qxe4 gxf5 22. Qxf5 a4 23. Nc3 axb3 24. cxb3 Qa7 25.
a3 b4 26. axb4 e4 27. Qc5 Bxc3 28. Qxa7 Rxa7 29. bxc3 Rfa8 30. c4 e3 31. Kb2 e2 32.
Rde1 Ra2+ 33. Kc3 Re8 34. Kd4 Rb2 35. Kc3 Ra2 36. Kd4 Rd8+ 37. Kc5 Rd3 38. b5 cxb5 39. cxb5 Rxb3 40. Rb1 Rc2+ 41. Kb6 Rg3 42. h4 h6 43. Ka7 Ra2+ 44. Kb7 hxg5 45. hxg5 Rxg5 46. b6 Re5 47.
Rhe1 f5 48. Rb4 Re8 49. Rf4 Ra5 50. Rf2 Rae5 51. Ka7 Ra5+ 52. Kb7 Re7+ 53. Kc6 Rae5 54. b7 R7e6+ 55. Kd7 Re7+ 56. Kd6 R7e6+ 57. Kd7 Rb6 58. Rexe2 Rxb7+ 59. Kd6 Rxe2 60. Rxe2 Kf7 61. Rf2 Kf6 62.
Kd5 Re7 63. Kd4 Kg5 0-1

[Event "Early-Titled-Tuesday-Blitz-April-02-2024"]
[Site "Chess.com"]
[Date "2024.04.02"]
[Round "9"]
[White "manitodeplomo"]
[Black "SaiAgni_98"]
[Result "0-1"]
[WhiteElo "2638"]
[BlackElo "2529"]
[TimeControl "180+1"]
[EndTime "9:46:27 PDT"]
[Termination "SaiAgni_98 won by resignation"]

1. d4 d5 2. c4 c6 3. Nf3 Nf6 4. Nc3 e6 5. Bg5 Nbd7 6. e3 Be7 7. Qc2 h6 8. Bh4 O-O 9. O-O-O dxc4 10. Bxc4 b5 11. Bd3 Qa5 12. Kb1 Ba6 13. Ne4 Nd5 14. Bxe7 Nxe7 15. Nc5 Rfd8 16. Rc1 Rac8 17. Nxd7 Rxd7 18.
Ne5 Rdc7 19. Qc5 Nd5 20. Be4 Bb7 21. Nd3 Nb6 22. Qb4 Qxb4 23. Nxb4 Nc4 24. Rc2 c5 25. Bxb7 Rxb7 26. dxc5 Rxc5 27. Rd1 Rc8 28. a3 Rbc7 29. Ka2 a5 30. Nd3 Nb6 31. Rxc7 Rxc7 32. Rc1 Rd7 33.
Ne5 Rd5 34. Nf3 f6 35. Kb1 Nc4 36. Rc2 Rd1+ 37. Ka2 a4 38. Nd4 Na5 39. b4 axb3+ 40. Nxb3 Nxb3 41. Kxb3 Kf7 42. Kb4 Rb1+ 43. Kc5 Kg6 44. f3 e5 45. e4 Rb3 46. Ra2 h5 47.
Kb6 Kg5 48. h3 h4 49. Ka5 Kf4 50. a4 bxa4 51. Kxa4 Re3 52. Kb5 Kg3 53. Kc5 Rd3 54.
Kc4 Rd4+ 55. Kc5 Rd1 56. Ra7 g5 57. Rf7 Kxg2 58. Rxf6 Kxh3 59. Rf5 g4 60. fxg4 Kxg4 61. Rxe5 h3 62. Re8 h2 63. Rg8+ Kf4 64. Rh8 h1=Q 65. Rxh1 Rxh1 66. e5 Kxe5 0-1

[Event "Early-Titled-Tuesday-Blitz-April-02-2024"]
[Site "Chess.com"]
[Date "2024.04.02"]
[Round "9"]
[White "ketster"]
[Black "toninhojit"]
[Result "1/2-1/2"]
[WhiteElo "2599"]
[BlackElo "2499"]
[TimeControl "180+1"]
[EndTime "9:46:30 PDT"]
[Termination "Game drawn by stalemate"]

1. c4 c5 2. Nf3 Nc6 3. g3 e5 4. Bg2 g6 5. Nc3 Bg7 6. O-O Nge7 7.
e3 O-O 8. d3 d6 9. Rb1 h6 10. a3 f5 11. Nd2 Be6 12. b4 Rb8 13.
Nd5 Qd7 14. f4 Bf7 15. Bb2 cxb4 16. Nxb4 Nxb4 17. axb4 Rfd8 18. Qe2 exf4 19. Bxg7 Kxg7 20. exf4 d5 21. c5 a6 22. Nf3 Nc6 23. Ne5 Qe6 24. Rfe1 Re8 25. Qb2 Qf6 26. d4 Be6 27. Qc3 Nxe5 28.
Rxe5 Bf7 29. Rbe1 Rxe5 30. dxe5 Qe6 31. Rd1 Rd8 32. Qd4 Kg8 33. h3 Qc6 34. Kh2 Be6 35.
Bf1 Qa4 36. Rb1 a5 37. Bg2 Kg7 38. Qd2 axb4 39. Rxb4 Qc6 40. Rb6 Qc8 41. Qb2 Kf7 42.
Rxb7+ Rd7 43. Rxd7+ Qxd7 44. Qb6 d4 45. c6 Qc8 46. Qxd4 Ke8 47. Qd6 Kf7 48. c7 Ke8 49.
Bc6+ Kf7 50. Qd8 g5 51. fxg5 hxg5 52. h4 f4 53. Be8+ Kg7 54. Qxg5+ Kf8 55. Bc6 fxg3+ 56. Kxg3 Qxc7 57. Qf6+ Qf7 58. Bf3 Qxf6 59. exf6 Kf7 60.
Bg4 Kxf6 61. Bxe6 Kxe6 62. Kg4 Kf7 63. Kg5 Kg8 64. Kh6 Kh8 65. Kg6 Kg8 66. h5 Kh8 67. h6 Kg8 68. h7+ Kh8 69. Kh6 1/2-1/2

[Event "Early-Titled-Tuesday-Blitz-April-02-2024"]
[Site "Chess.com"]
[Date "2024.04.02"]
[Round "9"]
[White "Orest_Vovk"]
[Black "madmax011"]
[Result "1/2-1/2"]
[WhiteElo "2553"]
[BlackElo "2360"]
[TimeControl "180+1"]
[EndTime "9:46:32 PDT"]
[Termination "Game drawn - insufficient material"]

1. e4 c6 2. d4 d5 3. exd5 cxd5 4. Bd3 Nc6 5. c3 Nf6 6. h3 e6 7. Nf3 Bd6 8. O-O O-O 9. Nbd2 e5 10. dxe5 Nxe5 11. Nxe5 Bxe5 12. Nf3 Bc7 13. Bg5 h6 14. Bh4 Be6 15. Nd4 Qd6 16. Bg3 Qb6 17. Bxc7 Qxc7 18.
Qf3 Rfe8 19. Rfe1 Bd7 20. Nf5 Bxf5 21. Qxf5 Qb6 22. b3 Qc6 23. c4 dxc4 24. Bxc4 Rxe1+ 25.
Rxe1 Re8 26. Rxe8+ Qxe8 27. g3 Qe1+ 28. Kg2 Qe4+ 29. Qxe4 Nxe4 30. Bd5 Nc3 31. Bxb7 Nxa2 32. Kf3 Kf8 33. Ke4 Ke7 34. Kd5 Kd7 35. Kc4 Kc7 36. Bd5 f6 37. b4 Kb6 38. Be4 a5 39. bxa5+ Kxa5 40. Kd5 Nc3+ 41. Kd4 Nb5+ 42. Ke3 Kb6 43. Kf4 Kc5 44. Ba8 Nd6 45. Kg4 g6 46. h4 Kd4 47.
Kf4 g5+ 48. Kg4 Ke5 49. Kh5 gxh4 50. Kxh4 Nf5+ 51. Kh5 Ng7+ 52. Kxh6 Ne6 53. Kg6 Nd4 54. f4+ Kd6 55. g4 Ke7 56. Bd5 Ne2 57. Kf5 Ng3+ 58. Kg6 Ne2 59. g5 Nxf4+ 60. Kf5 Nxd5 61. gxf6+ Nxf6 1/2-1/2

[Event "Early-Titled-Tuesday-Blitz-April-02-2024"]
[Site "Chess.com"]
[Date "2024.04.02"]
[Round "9"]
[White "MagnusCarlsen"]
[Black "TigrVShlyape"]
[Result "0-1"]
[WhiteElo "3216"]
[BlackElo "2941"]
[TimeControl "180+1"]
[EndTime "9:46:39 PDT"]
[Termination "TigrVShlyape won by resignation"]

1. e4 e5 2. Nf3 Nc6 3. Bb5 f5 4. d3 fxe4 5. dxe4 Nf6 6. O-O Bc5 7. Bxc6 bxc6 8. Nxe5 O-O 9. Nd2 a5 10. Nd3 Ba7 11.
e5 Nd5 12. Ne4 d6 13. c4 Bf5 14. Ng3 Bxd3 15. Qxd3 Nb4 16. Qe4 dxe5 17. Be3 Bxe3 18.
fxe3 Qd3 19. b3 Qxe4 20. Nxe4 Rxf1+ 21. Rxf1 Nxa2 22. Ra1 Nb4 23. Kf2 h6 24. Ke2 Kf7 25. g4 Ke7 26. h4 Nc2 27. Ra4 g6 28. Kd2 Nb4 29. Kc3 c5 30. Nxc5 Nc6 31. Kd3 Rb8 32.
Ra3 Kd6 33. Ne4+ Ke6 34. Ke2 h5 35. g5 Kf5 36. Kf3 Rd8 37. Ng3+ Ke6 38. Ke2 Rb8 39.
Ne4 Kf5 40. Nf6 e4 41. Kf2 Rd8 42. Ra2 Rd3 43. Rb2 Ne5 44. Nd5 c6 45. Ne7+ Ke6 46. Nc8 Ng4+ 47. Kg3 Ke5 48. Re2 Rxe3+ 49. Rxe3 Nxe3 50.
Na7 Nf5+ 51. Kf2 Ne7 52. Ke3 c5 53. Ke2 Kf4 54. Kf2 e3+ 55. Ke2 Ke4 56. Nb5 Nf5 57. Nc3+ Kf4 58. Nd5+ Kg4 59. Nf6+ Kxh4 60. Ne4 Kg4 61.
Nxc5 h4 62. Nd3 h3 63. Ne5+ Kg3 64. Nf3 Nd4+ 65. Nxd4 h2 66. Kxe3 h1=Q 67. c5 Qc1+ 0-1

[Event "Early-Titled-Tuesday-Blitz-April-02-2024"]
[Site "Chess.com"]
[Date "2024.04.02"]
[Round "9"]
[White "LeoWin2012"]
[Black "m_ezat"]
[Result "1/2-1/2"]
[WhiteElo "2332"]
[BlackElo "2545"]
[TimeControl "180+1"]
[EndTime "9:46:40 PDT"]
[Termination "Game drawn - insufficient material"]

1. c4 Nf6 2. Nc3 e5 3. g3 Bb4 4. Bg2 O-O 5. e3 Bxc3 6. dxc3 d6 7. Ne2 a5 8. O-O a4 9. h3 Be6 10. c5 d5 11. f4 Nc6 12. f5 Bd7 13. g4 Qe7 14. Ng3 h6 15. e4 Qxc5+ 16. Kh1 d4 17. g5 hxg5 18. Bxg5 Nh7 19. Bd2 f6 20. Qg4 Be8 21.
Ne2 a3 22. b4 Qe7 23. Bf3 dxc3 24. Nxc3 Nd4 25. Nd5 Qf7 26. Be3 c6 27. Nb6 Rd8 28.
Rad1 Ng5 29. Bxg5 fxg5 30. Qxg5 Qf6 31. Qg4 Bf7 32. Rg1 Bxa2 33. Ra1 Bf7 34. Rxa3 Qh6 35. Bd1 Kh8 36. Rag3 Rg8 37. Kg2 g5 38. Rh1 c5 39. bxc5 Ra8 40. h4 Ra2+ 41. Kg1 gxh4 42.
Rxh4 Rxg4 43. Rxh6+ Kg7 44. Rxg4+ Kxh6 45. Kf1 Ra1 46.
Ke1 Rxd1+ 47. Kxd1 Bh5 48. Nd7 Bxg4+ 49. Kd2 Nc6 50. Ke3 Kg7 51. Nb6 Bh5 52. Nc4 Kf6 53.
Nd6 Na5 54. Kd3 Bf7 55. Kc3 Ke7 56. Kb4 b6 57. Nc8+ Kd8 58. Nxb6 Nc6+ 59. Kc3 Kc7 60.
Nd5+ Kd7 61. Nf6+ Ke7 62. Nd5+ Kf8 63. Kc4 Ne7 64. f6 Nxd5 65. exd5 Ke8 66. c6 Kd8 67. Kc5 e4 68. Kd4 e3 69. Kxe3 Bxd5 70. Kd4 Bxc6 71. f7 Ke7 72. f8=Q+ Kxf8 1/2-1/2

[Event "Early-Titled-Tuesday-Blitz-April-02-2024"]
[Site "Chess.com"]
[Date "2024.04.02"]
[Round "9"]
[White "Vesper2018"]
[Black "IsmaelAmadorGarcia"]
[Result "1-0"]
[WhiteElo "2565"]
[BlackElo "2339"]
[TimeControl "180+1"]
[EndTime "9:46:42 PDT"]
[Termination "Vesper2018 won by checkmate"]

1. e4 e5 2. Nf3 Nc6 3. Bb5 a6 4. Ba4 Nf6 5. O-O Be7 6. Re1 b5 7. Bb3 O-O 8. a4 Bb7 9. c3 d5 10.
d4 Nxe4 11. dxe5 Bc5 12. Be3 Bxe3 13. Rxe3 Na5 14. Ba2 Nc4 15. Bxc4 bxc4 16. Nbd2 Nc5 17. a5 Ne6 18. b4 cxb3 19. Qxb3 Rb8 20. Qc2 c5 21. Ree1 h6 22. Qf5 Bc8 23. Qc2 Qc7 24. c4 d4 25. Ne4 Rd8 26. Nd6 Bb7 27. Nd2 Nf4 28. N2e4 Qd7 29. g3 Nh3+ 30. Kf1 Ng5 31. Nxg5 hxg5 32. Qf5 Qxf5 33. Nxf5 Bf3 34. Ne7+ Kf8 35. Nf5 d3 36. Ne3 d2 37. Red1 Bxd1 38. Rxd1 Rb2 39. Ke2 Ra2 40. Nd5 Re8 41. f4 gxf4 42.
gxf4 Rxa5 43. Rxd2 Ra4 44. Rc2 Rb8 45. Kd3 Rb3+ 46.
Ke4 Rh3 47. Nc7 Ke7 48. Kd5 Rd3+ 49. Kc6 Rd4 50. Kxc5 Rxf4 51. Nd5+ Ke6 52. Nxf4+ Kxe5 53. Nd3+ Ke4 54. Nb4 Ra5+ 55. Kb6 Ra4 56. Nd5 Kd3 57. Rc1 Ra2 58. c5 Rb2+ 59. Kxa6 Kd4 60. Nb6 Ra2+ 61. Kb7 Rxh2 62. c6 Rh8 63. c7 f5 64.
Rd1+ Ke3 65. Rd8 Rh7 66. c8=Q g5+ 67. Ka6 f4 68. Qc3+ Kf2 69. Rd2+ Ke1 70. Qc1# 1-0

[Event "Early-Titled-Tuesday-Blitz-April-02-2024"]
[Site "Chess.com"]
[Date "2024.04.02"]
[Round "9"]
[White "mishanick"]
[Black "Aygehovit1992"]
[Result "0-1"]
[WhiteElo "3019"]
[BlackElo "2865"]
[TimeControl "180+1"]
[EndTime "9:46:43 PDT"]
[Termination "Aygehovit1992 won by resignation"]

1. d4 Nf6 2. c4 e6 3. Nc3 Bb4 4. e3 b6 5. Ne2 Ba6 6. a3 Be7 7. Ng3 d5 8. cxd5 Bxf1 9. Kxf1 Nxd5 10. Qf3 O-O 11. Bd2 c5 12. Nxd5 exd5 13. Bc3 c4 14. e4 dxe4 15. Nxe4 Nd7 16. d5 Re8 17. Rd1 Bf8 18.
h4 Ne5 19. Qf5 Qc8 20. Qf4 Qg4 21. Qxg4 Nxg4 22. Rd4 b5 23. f3 f5 24. fxg4 fxe4 25.
Ke2 Bc5 26. Rdd1 Rad8 27. Rhf1 e3 28. Rf4 Re7 29. Bb4 Bxb4 30. axb4 Re5 31. d6 Rd7 32. Rf5 Re4 33. Rxb5 Rxg4 34. Rc5 Rxg2+ 35. Kxe3 Kf7 36.
Re5 Rxb2 37. h5 Kf6 38. Re4 Rb3+ 39. Ke2 Rb2+ 40. Ke3 Rb3+ 41. Ke2 Rxb4 42. Rf1+ Kg5 43. Re5+ Kh6 44. Rd1 Rb2+ 45. Ke1 c3 46. Rc5 Rd2 47. Rc6 Rxd1+ 48. Kxd1 Kxh5 49. Kc2 g5 50. Kxc3 g4 51. Kd4 g3 52. Ke3 Kg4 53. Rc4+ Kh3 54. Rd4 h5 55. Ke2 h4 56. Kf1 a5 57. Kg1 a4 58. Rxa4 Rxd6 59. Ra1 Rd2 60. Kh1 Rf2 61.
Rd1 Kg4 62. Rd4+ Rf4 63. Rd1 h3 64. Ra1 Re4 65. Rb1 Kf3 66. Kg1 Ke3 67. Rb3+ Kf4 68. Rb1 Rd4 69. Kf1 Ke3 70. Re1+ Kf3 71. Rb1 Rd3 72. Ra1 h2 0-1

[Event "Early-Titled-Tuesday-Blitz-April-02-2024"]
[Site "Chess.com"]
[Date "2024.04.02"]
[Round "9"]
[White "rionelG"]
[Black "kai_nov"]
[Result "1-0"]
[WhiteElo "2212"]
[BlackElo "2314"]
[TimeControl "180+1"]
[EndTime "9:46:45 PDT"]
[Termination "rionelG won by checkmate"]

1. e4 c5 2. Nf3 Nc6 3. d4 cxd4 4. Nxd4 e5 5. Nxc6 bxc6 6. g3 Nf6 7. Bg2 Bb4+ 8. Bd2 Bxd2+ 9. Qxd2 O-O 10. O-O Rb8 11. c4 Qb6 12. b3 a5 13. Nc3 Ba6 14. Rfd1 Rfd8 15. Na4 Qc7 16. Qd6 Qxd6 17. Rxd6 Rb4 18. Nc5 Bc8 19. Rad1 Rf8 20. f3 Ne8 21. R6d2 d6 22.
Na4 Be6 23. f4 Bxc4 24. fxe5 dxe5 25. Rc1 Bb5 26. Nc5 Nf6 27. Rcd1 Re8 28. a3 Rd4 29.
Rxd4 exd4 30. Rxd4 h6 31. h3 Re5 32. Nd7 Nxd7 33.
Rxd7 c5 34. Rd5 Rxd5 35. exd5 Kf8 36. Kf2 Ke7 37. Ke3 Kd6 38. Bf3 a4 39. bxa4 Bxa4 40.
Kd3 Bb5+ 41. Kc3 Ba4 42. Bh1 Bd7 43. Bg2 g5 44. Kc4 f5 45. Bf3 f4 46. gxf4 gxf4 47. h4 Be8 48. Bg2 Bd7 49. Bf3 Be8 50. Bg4 h5 51. Bf3 Bf7 52. a4 Be8 53. a5 Bd7 54. Bxh5 Bc8 55. Bf3 Ba6+ 56. Kc3 Ke5 57. h5 Kf5 58. h6 Kg6 59. d6 Bb5 60. a6 Bxa6 61. d7 Kxh6 62. d8=Q Kg7 63. Qc7+ Kf6 64. Qc6+ Kg5 65.
Qxa6 Kh4 66. Qg6 Kh3 67. Qg2+ Kh4 68. Qg4# 1-0

[Event "Early-Titled-Tuesday-Blitz-April-02-2024"]
[Site "Chess.com"]
[Date "2024.04.02"]
[Round "9"]
[White "RuperezA"]
[Black "Rutricks"]
[Result "1-0"]
[WhiteElo "2557"]
[BlackElo "2697"]
[TimeControl "180+1"]
[EndTime "9:46:48 PDT"]
[Termination "RuperezA won by resignation"]

1. e4 g6 2. d4 Nf6 3. Nf3 Nxe4 4. Bd3 Nf6 5. O-O Bg7 6. c4 O-O 7. Nc3 d6 8. h3 c5 9. d5 e5 10. dxe6 fxe6 11. Re1 Nc6 12. Ng5 Nd4 13. Ne2 e5 14. Nc3 Bf5 15. Nge4 Nxe4 16. Bxe4 Rb8 17. a4 Qd7 18. a5 Qf7 19. Bd5 Be6 20. Be3 Bxd5 21. Nxd5 b5 22. axb6 axb6 23. Ra6 b5 24. Rxd6 bxc4 25.
Qa4 Rxb2 26. Rd7 Qe6 27. Qxc4 Kh8 28. Qa4 Nc2 29. Qa7 Rg8 30. Bh6 Qxd7 31. Qxd7 Bxh6 32. Re2 Rb1+ 33. Kh2 Nd4 34. Rxe5 Nf5 35. Nf6 Bg7 36. Re6 Rf8 37. Ne8 Rb8 38. Nxg7 Nxg7 39. Re7 Rbd8 40. Qc7 Rc8 41. Qe5 Rg8 42. h4 c4 43. Qc3 h6 44. Re4 Kh7 45. Rxc4 Rcf8 46. Rc7 Rxf2 47. Qd3 Rf4 48. g3 Rf5 49. Kh3 Re5 50. Rc6 Nf5 51.
Rc7+ Ng7 52. Rd7 Re6 53. h5 Kh8 54. hxg6 Rf6 55. Kh4 Re8 56. g4 Kg8 57. Rxg7+ Kxg7 58. Qd7+ Kf8 59. g7+ Kg8 60. Qxe8+ Kxg7 61. Qe7+ Rf7 62. Qe6 Rf6 63. Qe5 Kf7 64. Kh5 Rg6 65. Qf5+ Rf6 66. Qh7+ Ke6 67. Qxh6 Rxh6+ 68. Kxh6 Kf7 69.
g5 Kg8 70. Kg6 Kf8 71. Kh7 Kf7 72. g6+ Ke7 73. g7 Kd6 74. g8=Q 1-0